 Dungeon Crawl Stone Soup version 0.30-a0-12-gd8047c6341 (webtiles) character file.

Game seed: 5473962227702476515

1 SensoryNuts the Chopper (level 1, 0/19 HPs)
             Began as a Hill Orc Monk on Aug 23, 2022.
             Slain by a hobgoblin (2 damage)
             ... on level 1 of the Dungeon.
             The game lasted 00:00:08 (40 turns).

SensoryNuts the Chopper (Hill Orc Monk)               Turns: 40, Time: 00:00:09

Health: 0/19       AC:  2    Str: 13    XL:     1   Next: 20%
Magic:  1/1        EV: 12    Int: 10    God:
Gold:   0          SH:  0    Dex: 13    Spells: 0/0 levels left

rFire   . . .      SeeInvis .    a - +0 hand axe
rCold   . . .      Faith    .    (no shield)
rNeg    . . .      Spirit   .    b - +0 robe
rPois   .          Reflect  .    (no helmet)
rElec   .          Harm     .    (no cloak)
rCorr   .          Rampage  .    (no gloves)
Will    .....                    (no boots)
Stlth   ++........               (no amulet)
HPRegen 0.06/turn                (no ring)
MPRegen 0.07/turn                (no ring)

@: no status effects
A: no striking features
a: no special abilities


You were on level 1 of the Dungeon.
You visited 1 branch of the dungeon, and saw 1 of its levels.

Inventory:

Hand Weapons
 a - a +0 hand axe (weapon)
Armour
 b - a +0 robe (worn)
Potions
 c - a potion of ambrosia


   Skills:
 + Level 3.6 Fighting
 * Level 4.1 Axes
 + Level 2.4 Dodging
 + Level 1.5 Stealth


You couldn't memorise any spells.
You didn't know any spells.
Your spell library was empty.

Dungeon Overview and Level Annotations

Branches:
Dungeon (1/15)

Altars:


Message History

A bat is nearby!
A bat is nearby!
A bat is nearby!
A bat is nearby!
A hobgoblin comes into view.
The hobgoblin shouts!
You hit the bat.
The bat is moderately wounded.
The bat barely misses you. The bat closely misses you.
You barely miss the bat. The bat hits you. The bat hits you.
The hobgoblin closely misses you.
You hit the hobgoblin but do no damage. The bat hits you.
The hobgoblin closely misses you.
The hobgoblin hits you but does no damage.
You closely miss the hobgoblin. The bat closely misses you.
The hobgoblin hits you.
You closely miss the bat. You barely miss the hobgoblin. The bat misses you.
The bat barely misses you. x2; The hobgoblin hits you.
You are too injured to fight recklessly!
You are too injured to fight recklessly!
You are too injured to fight recklessly!
You are too injured to fight recklessly!
You are too injured to fight recklessly!
You are too injured to fight recklessly!
You are too injured to fight recklessly!
You are too injured to fight recklessly!
There are monsters nearby!
The hobgoblin attacks as you move away! The hobgoblin hits you.
The bat hits you but does no damage. x2
The hobgoblin attacks as you move away! The hobgoblin hits you.
The bat barely misses you.
You closely miss the bat. The bat hits you but does no damage.
You hit the bat but do no damage. The bat barely misses you.
You hit the hobgoblin but do no damage. The hobgoblin hits you.
* * * LOW HITPOINT WARNING * * *
You hit the hobgoblin.
The hobgoblin is moderately wounded.
The hobgoblin hits you.
You die...

### ..# #.# #.# # #.#
.#
#.#.###########.###.#
.............@gb....#
###+###'###+###.?>#.#
#.............#.....#
#.8.⌠⌠⌠(⌠⌠⌠.8.#.....#
#.............#.#.#.#
#≈~~~≈~~≈~~~~~#.#.....
#≈~~≈≈≈~≈≈~~≈≈#.#.#.###
#≈≈~~≈≈~≈~~~~≈#.#....#
#≈≈≈~≈≈~≈≈~≈≈≈#.#.# .#


You could see a hobgoblin and a bat.

Vanquished Creatures
  An endoplasm (D:1)
1 creature vanquished.

Notes
Turn   | Place    | Note
-------+----------+-------------------------------------------
     0 | D:1      | SensoryNuts the Hill Orc Monk began the quest for the Orb.
     0 | D:1      | Reached XP level 1. HP: 19/19 MP: 1/1
    40 | D:1      | Slain by a hobgoblin

Illustrated notes

Levels and vault maps discovered:
D:1:      zaba_arrival_water, layout_basic, hellmonk_ecumenical_altar_lost_god,
          serial_glass, glass_columns_b, glass_columns_c, glass_columns_c,
          glass_columns_b

Action                   || total
-------------------------++-------
Melee: Hand axe          ||    10
 Stab: Sleeping          ||     1
Armor: Robe              ||     4
Dodge: Dodged            ||    10

Table legend: (Time is in decaauts)
 A = Elapsed time spent in this place.
 B = Non-inter-level travel time spent in this place.
 C = Inter-level travel time spent in this place.
 D = Time resting spent in this place.
 E = Time spent auto-exploring this place.
 F = Levels seen in this place.
 G = Mean time per level.
                   A        B        C        D        E       F      G
               +--------+--------+--------+--------+--------+-----+--------+
         Total |     47 |     47 |      0 |      0 |     24 |   1 |   47.0 |
       Dungeon |     47 |     47 |      0 |      0 |     24 |   1 |   47.0 |
               +--------+--------+--------+--------+--------+-----+--------+

Top non-repeatable levels by time:
     D:1: 47 daAuts
